 Dungeon Sprint DCSS version 0.27.1-33-g824d729ab1 (webtiles) character file.

Game seed: 3291689516662925733

709 Hipnos the Unseen (level 7, 0/37 HPs)
             Began as a Spriggan Brigand on Nov 26, 2021.
             Was an Initiate of Trog.
             Slain by a rust devil (5 damage)
             ... summoned by a kobold demonologist
             ... in the Dungeon (Sprint I: "Red Sonja").
             The game lasted 00:03:53 (429 turns).

Hipnos the Unseen (Spriggan Brigand)                 Turns: 429, Time: 00:03:54

Health: 0/37       AC:  3    Str:  7    XL:     7   Next: 40%
Magic:  8/8        EV: 17    Int: 12    God:    Trog [......]
Gold:   435        SH:  0    Dex: 19    Spells: 6/6 levels left

rFire    . . .     SeeInvis +   a - +2 dagger
rCold    . . .     Faith    .   (shield restricted)
rNeg     . . .     Spirit   .   b - +0 robe
rPois    .         Reflect  .   (helmet restricted)
rElec    .         Harm     .   c - +0 cloak
rCorr    .         Rampage  .   (gloves unavailable)
Will     +....     NoTele   +   (boots unavailable)
Stlth    +++++++...             (no amulet)
HPRegen  0.12/turn              (no ring)
MPRegen  0.11/turn              (no ring)

@: weakened, very quick
A: very small, no large weapons, unfitting armour, see invisible, speed 3
a: Renounce Religion


You were in the Dungeon.
You worshipped Trog.
Trog was noncommittal.
You visited 1 branch You collected 435 gold pieces.

Inventory:

Hand Weapons
 a - a +2 dagger (weapon)
Armour
 b - a +0 robe (worn)
 c - a +0 cloak (worn)
Scrolls
 k - a scroll of blinking
Potions
 f - a potion of curing
 h - a potion of haste
 i - 2 potions of magic
 j - a potion of berserk rage


   Skills:
 + Level 3.8 Fighting
 + Level 5.4 Short Blades
 * Level 8.7 Throwing
 + Level 2.4 Dodging
 + Level 18.2 Stealth


You had 6 spell levels left.
You didn't know any spells.
Your spell library was empty.

Dungeon Overview and Level Annotations

Branches:
Dungeon (1/1)

Altars:
Cheibriados
Dithmenos
Elyvilon
Fedhas
Gozag
Hepliaklqana
Kikubaaqudgha
Makhleb
Nemelex Xobeh
Okawaru
Qazlal
Ru
Sif Muna
Trog
Uskayaw
Vehumet
Wu Jian
Xom
Yredelemnul
Zin
The Shining One
Jiyva
Lugonu

Shops:
D (


Innate Abilities, Weirdness & Mutations

You are very small and have problems with some larger weapons.
You are too small for most types of armour.
You have supernaturally acute eyesight. (SInv)
You cover ground extremely quickly. (Speed+++)


Message History

There is an open door here.
Things that are here:
a +0 scythe; a +0 robe You close the door.
A kobold demonologist opens the door.
There is an open door here.
Which direction?
You close the door.
There is an open door here.
Items here: )) [ ÷.
You close the door.
There is an open door here.
You close the door.
You start resting.
Something unseen opens the door.
You miss the kobold demonologist.
The kobold demonologist is severely wounded.
You barely miss the kobold demonologist.
The kobold demonologist is severely wounded.
The kobold demonologist hits you but does no damage.
You hit the kobold demonologist but do no damage.
The kobold demonologist is severely wounded.
The kobold demonologist completely misses you.
You miss the kobold demonologist.
The kobold demonologist is severely wounded.
You closely miss the kobold demonologist.
The kobold demonologist is severely wounded.
The kobold demonologist mumbles some strange words.
You closely miss the kobold demonologist.
The kobold demonologist is almost dead.
The kobold demonologist hits you with a +0 dagger.
* * * LOW HITPOINT WARNING * * *
You closely miss the kobold demonologist.
The kobold demonologist is severely wounded.
The kobold demonologist hits you with a +0 dagger.
* * * LOW HITPOINT WARNING * * *
You hit the kobold demonologist but do no damage.
The kobold demonologist is severely wounded.
The rust devil hits you.
You die...

###################
#<.#.)+..#.)'K.#__#
#..'..#..+..#.K'^.'
#4K#####'#####'#4_#
#.@####..#...#.####
#..#__####..##(#
#..#_____##'#_.+
#⌠⌠#_.∩...'..._#
####_..__##_.#'#
#_____###+#.#
####### ###


You could see a rust devil (summoned) and a kobold demonologist (poisoned).

Vanquished Creatures
  A slime creature (D)
  Sigmund (D)
  A yak (D)
  A floating eye (D)
  An ogre (D)
  A jelly (D)
  Ijyb (D)
7 creatures vanquished.

Notes
Turn   | Place    | Note
-------+----------+-------------------------------------------
     0 | D        | Hipnos the Spriggan Brigand began the quest for the Orb.
     0 | D        | Reached XP level 1. HP: 10/10 MP: 2/2
     2 | D        | Noticed Ijyb
     5 | D        | Killed Ijyb
     6 | D        | Reached skill level 9 in Stealth
     6 | D        | Reached XP level 2. HP: 15/15 MP: 3/3
     8 | D        | Noticed an ogre
    33 | D        | Killed an ogre
    34 | D        | Reached skill level 12 in Stealth
    34 | D        | Reached XP level 3. HP: 19/19 MP: 4/4
    34 | D        | Reached XP level 4. HP: 23/23 MP: 5/5
    68 | D        | Noticed Sigmund
    71 | D        | Killed Sigmund
    72 | D        | Reached skill level 15 in Stealth
    72 | D        | Reached XP level 5. HP: 28/28 MP: 6/6
    72 | D        | Reached XP level 6. HP: 32/32 MP: 7/7
    83 | D        | Found an ornate altar of the Wu Jian Council.
    83 | D        | Found a shimmering blue altar of Sif Muna.
    85 | D        | Found a radiant altar of Vehumet.
    92 | D        | Found Afusou's Antique Weapon Emporium.
    92 | D        | Found an ancient bone altar of Kikubaaqudgha.
    92 | D        | Found a hazy altar of Hepliaklqana.
    92 | D        | Found a stormy altar of Qazlal.
    92 | D        | Found a hide-covered altar of Uskayaw.
    92 | D        | Found a blossoming altar of Fedhas.
    92 | D        | Found a bloodstained altar of Trog.
    92 | D        | Found an iron altar of Okawaru.
    92 | D        | Found a basalt altar of Yredelemnul.
    92 | D        | Found a glowing golden altar of the Shining One.
    92 | D        | Found a snail-covered altar of Cheibriados.
    92 | D        | Found a sacrificial altar of Ru.
    92 | D        | Found a glowing silver altar of Zin.
    92 | D        | Found a shadowy altar of Dithmenos.
    92 | D        | Found a white marble altar of Elyvilon.
    92 | D        | Noticed a yak
    93 | D        | Found an opulent altar of Gozag.
   132 | D        | Killed a yak
   133 | D        | Reached skill level 5 in Short Blades
   133 | D        | Reached skill level 16 in Stealth
   164 | D        | Found a sparkling altar of Nemelex Xobeh.
   315 | D        | Became a worshipper of Trog the Wrathful
   349 | D        | Found a burning altar of Makhleb.
   349 | D        | Found a viscous altar of Jiyva.
   349 | D        | Found a shimmering altar of Xom.
   349 | D        | Found a corrupted altar of Lugonu.
   349 | D        | Noticed a slime creature
   352 | D        | Killed a slime creature
   353 | D        | Reached skill level 17 in Stealth
   353 | D        | Reached XP level 7. HP: 36/36 MP: 8/8
   364 | D        | Noticed a kobold demonologist
   365 | D        | Noticed a kobold demonologist
   369 | D        | Paralysed by a floating eye for 3 turns
   373 | D        | Noticed an ice devil
   378 | D        | Reached skill level 18 in Stealth
   384 | D        | Noticed an orange demon
   390 | D        | Noticed an orange demon
   427 | D        | Noticed a rust devil
   429 | D        | Slain by a rust devil

Illustrated notes

Levels and vault maps discovered:
D:        dungeon_sprint_1 [red_sonja_temple_1, red_sonja_temple_small_1]

Skill      XL: |  1  2  3  4  5  6  7 |
---------------+----------------------+-----
Fighting       | 2 3 |  3.8
Stealth        | 9 12 15 17 18 | 18.2
Short Blades   | 3 4 5 |  5.4
Throwing       | 4 6 8 |  8.7
Dodging        | 2 |  2.4

Action                   |  1- 3 |  4- 6 |  7- 9 || total
-------------------------+-------+-------+-------++-------
Melee: Dagger            |     1 |     6 |    11 ||    18
Throw: Dart              |     6 |     8 |     9 ||    23
  Use: Potion            |       |       |     1 ||     1
 Stab: Sleeping          |     1 |     3 |       ||     4
Armor: Robe              |       |     1 |     2 ||     3
Dodge: Dodged            |     2 |     1 |     3 ||     6
